 Dungeon Crawl Stone Soup version 0.31-a0-43-g46d131a48f (webtiles) character file.

Game seed: 10911820048419014861

26 IdlyInterested the Twirler (level 2, -3/22 HPs)
             Began as a Demonspawn Wanderer on May 18, 2023.
             Slain by an ogre
             ... wielding a +0 giant spiked club
              (7 damage)
             ... on level 2 of the Dungeon.
             The game lasted 00:03:42 (1668 turns).

IdlyInterested the Twirler (Demonspawn Wanderer)    Turns: 1668, Time: 00:03:42

Health: -3/22      AC:  5    Str: 11    XL:     2   Next: 89%
Magic:  2/2        EV: 11    Int: 11    God:
Gold:   68         SH:  0    Dex: 15    Spells: 1/1 levels left

rFire   . . .        a - +2 short sword
rCold   . . .        (no shield)
rNeg    . . .        f - +0 robe
rPois   .            (no helmet)
rElec   .            (no cloak)
rCorr   .            i - +1 pair of gloves
SInv    .            g - +0 pair of boots
Will    .....        (no amulet)
Stlth   ++           (no ring)
HPRegen 0.23/turn    (no ring)
MPRegen 0.16/turn

%: no passive effects
@: no status effects
A: magic regeneration
a: no special abilities


You were on level 2 of the Dungeon.
You visited 1 branch of the dungeon, and saw 2 of its levels.

You collected 68 gold pieces.

Inventory:

Hand Weapons
 a - a +2 short sword (weapon)
 b - a +0 quarterstaff
 d - a +0 dagger
 j - a +0 halberd
Missiles
 c - 9 boomerangs (quivered)
 k - 10 stones
Armour
 f - a +0 robe (worn)
 g - a +0 pair of boots (worn)
 i - a +1 pair of gloves (worn)
 m - a +0 pair of gloves
 o - a +0 chain mail
Scrolls
 h - a scroll of identify {unknown}
 n - a scroll of teleportation {unknown}
 p - a scroll of enchant armour {unknown}
 q - a scroll of fog {unknown}
Potions
 e - a potion of curing
 l - a potion of berserk rage {unknown}


   Skills:
 * Level 2.1 Fighting
 - Level 2.6 Short Blades
 - Level 2.6 Staves
 - Level 1.7 Throwing
 - Level 1.0 Armour
 + Level 0.3 Dodging
 - Level 1.0 Stealth
 - Level 1.0 Evocations


You had one spell level left.
You didn't know any spells.
Your spell library was empty.

Dungeon Overview and Level Annotations

Branches:
Dungeon (2/15)

Altars:
Ashenzari

Shops:
D:1 =


Innate Abilities, Weirdness & Mutations

You regenerate magic rapidly.


Message History

You hit the bush but do no damage.
The bush is almost destroyed.
You hit the bush but do no damage.
The bush is almost destroyed.
You hit the bush but do no damage.
The bush is almost destroyed.
You hit the bush but do no damage.
The bush is almost destroyed.
You hit the bush but do no damage.
The bush is almost destroyed.
You hit the bush but do no damage.
The bush is almost destroyed.
You hit the bush.
You destroy the bush!
Partly explored, can't reach some places.
You enter the shallow water.
Moving in this stuff is going to be slow.
There is an open door here.
There is a stone staircase leading down here.
Your library has no spells.
You climb downwards.
Found a silvery potion.
Found a broken altar of Ashenzari.
There is a stone staircase leading up here.
The helpless ogre fails to defend itself.
You puncture the ogre!
The ogre is moderately wounded.
You hit the ogre.
The ogre is heavily wounded.
The ogre hits you with a +0 giant spiked club.
You hit the ogre.
The ogre is heavily wounded.
The ogre hits you with a +0 giant spiked club!!
Ouch! That really hurt!
* * * LOW HITPOINT WARNING * * *
You hit the ogre but do no damage.
The ogre is heavily wounded.
You barely miss the ogre.
The ogre is heavily wounded.
The ogre hits you with a +0 giant spiked club!
You die...

. .# #. .
!# .
###.##...
#........
#@O.....#
#........
#w.......
#........
####.....
.....
._.. ....


You could see an ogre and a worm.

Vanquished Creatures
  A dart slug (D:1)
  2 bats (D:1)
  2 endoplasms (D:1)
  2 giant cockroaches (D:1)
  6 goblins (D:1)
  A hobgoblin (D:1)
  2 jackals (D:1)
  2 ball pythons (D:1)
  4 kobolds (D:1)
22 creatures vanquished.

Notes
Turn   | Place    | Note
-------+----------+-------------------------------------------
     0 | D:1      | IdlyInterested the Demonspawn Wanderer began the quest for
                  | the Orb.
     0 | D:1      | IdlyInterested set off with the following items: a +2 short
                  | sword, a +0 quarterstaff, 9 boomerangs, a +0 dagger, a
                  | potion of curing, a +0 robe.
     0 | D:1      | Reached XP level 1. HP: 13/13 MP: 1/1
   127 | D:1      | Reached skill level 1 in Fighting
   260 | D:1      | Gained mutation: You regenerate magic rapidly. [demonic
                  | ancestry]
   260 | D:1      | Reached XP level 2. HP: 14/21 MP: 2/2
   562 | D:1      | Reached skill level 1 in Armour
   626 | D:1      | Found Doptoajo's Jewellery Emporium.
  1663 | D:2      | Noticed an ogre
  1663 | D:2      | Found a broken altar of Ashenzari.
  1668 | D:2      | Slain by an ogre

Illustrated notes

Levels and vault maps discovered:
D:1:      amcnicky_arrival_blooded_trapdoor, layout_loops_corners,
          serial_forest, infiniplex_forest_pool, infiniplex_forest_lined_2,
          infiniplex_forest_clump_medium, infiniplex_forest_straight_1,
          infiniplex_forest_lined_room_2, infiniplex_forest_end_1,
          infiniplex_forest_clump_large, infiniplex_forest_clump_curved,
          serial_shops, shop_fountains, hangedman_glass_teeth
D:2:      layout_loops_cross, basic_altar, uniq_terence

Skill      XL: |  1  2 |
---------------+-------+-----
Fighting       | 1 2 |  2.1
Armour         | 1 |  1.0
Short Blades   | |  2.6
Staves         | |  2.6
Throwing       | |  1.7
Dodging        | |  0.3
Stealth        | |  1.0
Evocations     | |  1.0

Action                     || total
---------------------------++-------
  Melee: Short sword       ||   460
         Punch             ||     6
   Stab: Sleeping          ||     1
 Armour: Robe              ||    17
  Dodge: Dodged            ||    32

Table legend: (Time is in decaauts)
 A = Elapsed time spent in this place.
 B = Non-inter-level travel time spent in this place.
 C = Inter-level travel time spent in this place.
 D = Time resting spent in this place.
 E = Time spent auto-exploring this place.
 F = Levels seen in this place.
 G = Mean time per level.
                   A        B        C        D        E       F      G
               +--------+--------+--------+--------+--------+-----+--------+
         Total |   1611 |   1533 |     78 |    102 |    819 |   2 |  805.5 |
       Dungeon |   1611 |   1533 |     78 |    102 |    819 |   2 |  805.5 |
               +--------+--------+--------+--------+--------+-----+--------+

Top non-repeatable levels by time:
     D:1: 1606 daAuts
     D:2: 4 daAuts
